 Dungeon Crawl Stone Soup version 0.29.0 (webtiles) character file.

Game seed: 3431959138480836418

162 brinewave the Stinger (level 5, 0/42 HPs)
             Began as a Naga Venom Mage on Sept 10, 2022.
             Slain by an adder (2 damage)
             ... on level 3 of the Dungeon.
             The game lasted 00:11:56 (3907 turns).

brinewave the Stinger (Naga Venom Mage)             Turns: 3907, Time: 00:11:57

Health: 0/42       AC:  2    Str: 10    XL:     5   Next: 43%
Magic:  7/9        EV:  9    Int: 18    God:
Gold:   259        SH:  0    Dex: 11    Spells: 7/10 levels left

rFire   + . .      SeeInvis +   m - +0 great mace (protect)
rCold   . . .      Faith    .   (shield currently unavailable)
rNeg    . . .      Spirit   .   a - +0 robe
rPois   +          Reflect  .   (no helmet)
rElec   .          Harm     .   (no cloak)
rCorr   .          Rampage  .   (no gloves)
Will    .....                   (no barding)
Stlth   ++........              (no amulet)
HPRegen 0.14/turn               o - ring of protection from fire
MPRegen 0.11/turn               (no ring)

@: very slow
A: AC +1, large, see invisible, deformed body, poison resistance, slowness 2,
spit poison 1, naga tail 1
a: Spit Poison


You were on level 3 of the Dungeon.
You visited 1 branch of the dungeon, and saw 4 of its levels.

You collected 259 gold pieces.

Inventory:

Hand Weapons
 f - a +0 sling
 m - a +0 great mace of protection (weapon)
Missiles
 h - 10 poisoned darts
 i - 2 javelins
Armour
 a - a +0 robe (worn)
Jewellery
 o - a ring of protection from fire (left hand)
Scrolls
 c - a scroll of immolation {unknown}
 d - a scroll of brand weapon
 j - a scroll of teleportation {unknown}
 k - a scroll of enchant weapon {unknown}
 l - a scroll of amnesia
 n - 2 scrolls of butterflies
 p - a scroll of poison {unknown}
Potions
 b - a potion of magic
 e - a potion of berserk rage
 g - a potion of heal wounds


   Skills:
 - Level 1.5 Dodging
 - Level 3.0 Stealth
 + Level 3.2 Spellcasting
 + Level 2.8 Transmutations
 + Level 1.0 Air Magic
 + Level 5.5 Poison Magic


You had 7 spell levels left.
You knew the following spells:

 Your Spells              Type           Power      Damage    Failure   Level
a - Sting                 Tmut/Pois      68%        1d6       3%          1
b - Poisonous Vapours     Pois/Air       28%        N/A       6%          2

Your spell library contained the following spells:

 Spells                   Type           Power      Damage    Failure   Level
 Olgreb's Toxic Radiance  Pois           22%        N/A       17%         4
 Mephitic Cloud           Conj/Pois/Air  10%        N/A       19%         3
 Corpse Rot               Necr/Pois/Air  10%        N/A       54%         4


Dungeon Overview and Level Annotations

Branches:
Dungeon (4/15)
 Temple: D:4-7

Altars:

Annotations:
D:4 exclusion: water moccasin


Innate Abilities, Weirdness & Mutations

Your serpentine skin is tough. (AC +1)
You have supernaturally acute eyesight. (SInv)
Armour fits poorly on your strangely shaped body.
Your system is resistant to poisons. (rPois)
You cover ground very slowly.
You can spit poison.
You have a snake-like lower body.


Message History

The orc wizard hits you with a +2 dagger of holy wrath.
You barely miss the orc wizard. The adder bites you.
The orc wizard completely misses you. The adder bites you but does no damage.
You sock the orc wizard!
Your weapon exudes an aura of protection.
The orc wizard is heavily wounded.
The adder closely misses you.
The orc wizard hits you with a +2 dagger of holy wrath.
The adder closely misses you.
The orc wizard hits you but does no damage.
Aiming: Sting (safe; 3% risk of failure)
Press: ? - help, Q - select action, (/) - cycle Shift-Dir - straight line, f - adder
Aim: an adder (57% to hit)
The sting hits the adder.
The adder is poisoned.
The adder is heavily wounded.
The adder barely misses you.
The orc wizard hits you with a +2 dagger of holy wrath.
The adder bites you but does no damage.
Aiming: Sting (safe; 3% risk of failure)
Press: ? - help, Q - select action, (/) - cycle Shift-Dir - straight line, f - orc wizard, p - adder
Aim: an orc wizard, wielding a +2 dagger of holy wrath and wearing a +0 robe (heavily wounded, 67% to hit)
The sting hits the orc wizard.
The orc wizard is poisoned.
The orc wizard is severely wounded.
The orc wizard barely misses you. The adder barely misses you.
The orc wizard attacks as you move away!
The orc wizard barely misses you. The adder attacks as you move away!
The adder bites you but does no damage.
The orc wizard gestures at you while chanting.
The magic dart hits you.
* * * LOW HITPOINT WARNING * * *
The adder bites you.
* * * LOW HITPOINT WARNING * * *
The orc wizard attacks as you move away!
The orc wizard hits you with a +2 dagger of holy wrath.
* * * LOW HITPOINT WARNING * * *
The adder attacks as you move away! The adder bites you.
* * * LOW HITPOINT WARNING * * *
You kill the orc wizard!
The adder bites you.
You die...

####.###.##.........# #.#
### #.####.########## #.#
#......# #......# #.#
#.###### #.####.###.#
######.#### ##.##.......#
#.........####...>.#.#####
###.#.#..##.#.....).##.#
......#..##.#.##S.#.##.#
###.#.#.......>.@......#
###.....###.#.#####.####
...##.......#.......#
##........###########
####...##.# ...≈...##.#
###≈.#.≈≈.# .≈≈~..≈~..#
≈..#.≈~#..#


You could see an adder (poisoned).

Vanquished Creatures
  An orc wizard (D:3)
  3 gnolls (D:3)
  6 adders
  A worm (D:4)
  3 dart slugs (D:1)
  An orc (D:3)
  3 bats
  7 endoplasms
  2 giant cockroaches (D:1)
  7 goblins
  8 hobgoblins
  4 jackals (D:2)
  6 kobolds
  5 quokkas
  5 ball pythons
  A frilled lizard (D:1)
  4 rats
67 creatures vanquished.

Vanquished Creatures (others)
  A plant (D:1)
  4 withered plants (D:1)
5 creatures vanquished.

Grand Total: 72 creatures vanquished

Notes
Turn   | Place    | Note
-------+----------+-------------------------------------------
     0 | D:1      | brinewave the Naga Venom Mage began the quest for the Orb.
     0 | D:1      | Reached XP level 1. HP: 15/15 MP: 3/3
   238 | D:1      | Reached XP level 2. HP: 15/22 MP: 3/5
   738 | D:1      | Reached XP level 3. HP: 28/28 MP: 3/6
  1373 | D:1      | Found a faded altar of an unknown god.
  1589 | D:2      | Reached XP level 4. HP: 27/36 MP: 2/8
  1872 | D:2      | Reached skill level 5 in Poison Magic
  2107 | D:2      | Learned a level 2 spell: Poisonous Vapours
  2978 | D:3      | Reached XP level 5. HP: 39/42 MP: 6/9
  3828 | D:4      | Noticed a water moccasin
  3850 | D:3      | Reached skill level 1 in Air Magic
  3907 | D:3      | HP: 2/42 [adder (3)]
  3907 | D:3      | Slain by an adder

Illustrated notes

Levels and vault maps discovered:
D:1:      minmay_arrival_diagonal_passages, layout_basic,
          ebering_ecumenical_altar_petrified, serial_bayou_pond_a
D:2:      layout_loops_cross
D:3:      layout_loops_cross, serial_rivers, chequers_serial_rivers_small_3,
          chequers_serial_rivers_large_a, chequers_serial_rivers_micro_d,
          chequers_serial_rivers_small_b, chequers_serial_rivers_micro_c,
          chequers_serial_rivers_small_3
D:4:      nicolae_cairo_tiling_large_dashed, layout_basic,
          mainiacjoe_overflow_six_doors_small, minmay_misc_feat_ornament,
          nicolae_wooded_promenade, minmay_misc_feat_chi, uniq_robin

Skill      XL: |  1  2  3  4  5 |
---------------+----------------+-----
Transmutations | 2 |  2.8
Poison Magic   | 5 |  5.5
Spellcasting   | 3 |  3.2
Air Magic      | 1 |  1.0
Dodging        | |  1.5
Stealth        | |  3.0

Action                   |  1- 3 |  4- 6 || total
-------------------------+-------+-------++-------
Melee: Unarmed           |    10 |     8 ||    18
       Dagger            |     3 |       ||     3
       Great mace        |       |    21 ||    21
 Cast: Sting             |    50 |    44 ||    94
       Poisonous Vapours |       |     2 ||     2
  Use: Scroll            |     3 |     3 ||     6
 Stab: Sleeping          |       |     2 ||     2
Armor: Robe              |     5 |    27 ||    32
Dodge: Dodged            |    29 |    31 ||    60
